 Dungeon Crawl Stone Soup version 0.22-a0-259-gdd11e71 (webtiles) character file.

926 tidbits the Insei (level 8, 42/60 HPs)
             Began as a Gnoll Transmuter on Mar 5, 2018.
             Quit the game on level 7 of the Dungeon.
             The game lasted 00:12:06 (1530 turns).

tidbits the Insei (Gnoll Transmuter)                Turns: 1530, Time: 00:12:07

Health: 42/60      AC:  2    Str: 13    XL:     8   Next: 10%
Magic:  9/16       EV: 24    Int: 18    God:
Gold:   183        SH:  0    Dex: 20    Spells: 10/18 levels left

rFire    . . .     SeeInvis +     - Unarmed
rCold    . . .     Gourm    .   (shield currently unavailable)
rNeg     . . .     Faith    .   (armour currently unavailable)
rPois    x         Spirit   .   (helmet currently unavailable)
rElec    .         Reflect  .   (cloak currently unavailable)
rCorr    .         Harm     .   (gloves currently unavailable)
MR       .....                  (boots currently unavailable)
Stlth    +++.......             (no amulet)
HPRegen  0.20/turn              B - ring of see invisible
MPRegen  0.15/turn              (no ring)

@: spider-form, very slightly contaminated
A: tiny, distributed training, strong nose
a: End Transformation


You were on level 7 of the Dungeon.
You were not hungry.
You were a venomous arachnid creature.
You visited 1 branch of the dungeon, and saw 7 of its levels.

You collected 183 gold pieces.

Inventory:

Hand Weapons
 a - a +4 dagger of venom (melded)
   (You took it off an orc wizard on level 5 of the Dungeon)
 c - a +0 dagger
 e - a +0 hunting sling
 k - a cursed -1 scythe
 l - a +0 trident of piercing
   (You took it off Robin on level 3 of the Dungeon)
 m - a +3 quarterstaff of chaos
   (You took it off Crazy Yiuf on level 4 of the Dungeon)
 p - the +2 mace of Eternal Harmony {crush, rC- MR+ Str+3}
   (You found it on level 4 of the Dungeon)

   It inflicts extra damage upon your enemies.
   It affects your strength (+3).
   It makes you vulnerable to cold.
   It affects your resistance to hostile enchantments.
 t - a +0 flail of crushing
   (You took it off an orc on level 6 of the Dungeon)
 w - a +0 war axe
Missiles
 f - 33 stones (quivered)
 g - 56 sling bullets
 u - 4 tomahawks of returning
 v - 14 arrows
Armour
 b - a +0 robe (melded)
 C - a +0 cloak (melded)
 E - a +0 helmet (melded)
Jewellery
 B - a ring of see invisible (left front leg)
   (You found it on level 7 of the Dungeon)
Wands
 y - a wand of iceblast (6)
Scrolls
 i - 3 scrolls of remove curse {unknown}
 n - a scroll of fog {unknown}
 s - 3 scrolls of identify {unknown}
 z - a scroll of random uselessness {unknown}
Potions
 h - 2 potions of curing {unknown}
 j - a potion of ambrosia {unknown}
 o - a potion of flight {unknown}
 q - a potion of heal wounds {unknown}
 r - a potion of might {unknown}
 x - a potion of haste {unknown}
 A - 2 potions of cancellation {unknown}
 D - 3 potions of degeneration {unknown}
Comestibles
 d - 8 rations


   Skills:
 + Level 3.9 Fighting
 + Level 2.9 Short Blades
 + Level 2.9 Long Blades
 + Level 2.9 Axes
 + Level 2.9 Maces & Flails
 + Level 2.9 Polearms
 + Level 2.9 Staves
 + Level 2.9 Slings
 + Level 2.9 Bows
 + Level 2.9 Crossbows
 + Level 2.9 Throwing
 + Level 2.9 Armour
 + Level 5.4 Dodging
 + Level 2.9 Stealth
 + Level 2.9 Shields
 + Level 7.2 Unarmed Combat
 + Level 5.8 Spellcasting
 + Level 2.3 Conjurations
 + Level 2.3 Hexes
 + Level 2.3 Charms
 + Level 2.3 Summonings
 + Level 2.3 Necromancy
 + Level 2.3 Translocations
 + Level 4.5 Transmutations
 + Level 2.3 Fire Magic
 + Level 2.3 Ice Magic
 + Level 2.3 Air Magic
 + Level 2.3 Earth Magic
 + Level 2.3 Poison Magic
 + Level 3.2 Invocations
 + Level 2.9 Evocations


You had 10 spell levels left.
You knew the following spells:

 Your Spells              Type           Power        Failure   Level  Hunger
e - Beastly Appendage     Tmut           ###...       8%          1    None
k - Sticks to Snakes      Tmut           ###.....     10%         2    None
n - Animate Skeleton      Necr           N/A          14%         1    None
p - Spider Form           Tmut/Pois      ###.......   22%         3    ##.....
A - Apportation           Tloc           ##....       14%         1    None


Dungeon Overview and Level Annotations

Branches:
Dungeon (7/15)
 Temple: D:4-7

Altars:
Ashenzari
Okawaru
The Shining One


Innate Abilities, Weirdness & Mutations

Your experience applies equally to all skills.
((You have very sharp teeth.))
Your uncanny sense of smell can sniff out nearby items.


Message History

Your +0 cloak unmelds from your body.
Your +0 helmet unmelds from your body.
Your +0 robe unmelds from your body.
Your +4 dagger of venom begins to drip with poison!
There is an open door here.
You see here a quarterstaff.
A killer bee comes into view.
There is a stone staircase leading up here.
You climb upwards.
There is a stone staircase leading down here.
Unknown command.
You see here a short sword.
There is a stone staircase leading down here.
You climb downwards.
There is a stone staircase leading up here.
Unknown command.
As you open the door, it creaks loudly!
Found 12 gold pieces.
There is an open door here.
You see here 12 gold pieces.
You now have 183 gold pieces (gained 12).
A crimson imp comes into view.
The crimson imp shouts!
The crimson imp completely misses you.
Casting: Spider Form (safe; 9% risk of failure)
Confirm with . or Enter, or press ? or * to list all spells.
You turn into a venomous arachnid creature.
Your +4 dagger of venom melds into your body.
Your +0 cloak melds into your body.
Your +0 helmet melds into your body.
Your +0 robe melds into your body.
Your +4 dagger of venom stops dripping with poison.
The crimson imp barely misses you.
Casting: Spider Form (safe; 22% risk of failure)
Confirm with . or Enter, or press ? or * to list all spells.
You miscast Sticks to Snakes.
You are very lightly contaminated with residual magic.
Multicoloured lights dance before your eyes!
The crimson imp misses you.
Casting: Sticks to Snakes (safe; 11% risk of failure)
Confirm with . or Enter, or press ? or * to list all spells.
You create a snake!
You now have 15 arrows.
The crimson imp misses you.
You bite the crimson imp!
The crimson imp is severely wounded.
The crimson imp barely misses you.
Your ball python misses the crimson imp.
Your ball python closely misses the crimson imp.
You barely miss the crimson imp.
The crimson imp is severely wounded.
The crimson imp closely misses you.
Your ball python closely misses the crimson imp. x2
You completely miss the crimson imp.
The crimson imp is heavily wounded.
The crimson imp closely misses you.
Your ball python barely misses the crimson imp.
Your ball python grabs the crimson imp.
Your ball python constricts the crimson imp.
You catch the helpless crimson imp completely off-guard!
You bite the crimson imp!
You kill the crimson imp!
You open the door. 5 gnolls and a gnoll sergeant come into view.
The gnoll sergeant is wielding a spear of flaming.
Found 6 gold pieces.
There is an open door here.
Unknown command.
The helpless gnoll fails to defend itself.
You bite the gnoll!
The gnoll is poisoned.
The gnoll is heavily wounded.
The gnoll completely misses you.
You barely miss the gnoll.
The gnoll is heavily wounded.
The gnoll shouts! x3; The gnoll sergeant shouts!
The gnoll misses you.
You bite the gnoll!
You kill the gnoll!
The gnoll sergeant misses you.
Your ball python bites the gnoll sergeant.
Your ball python grabs the gnoll sergeant.
Your ball python constricts the gnoll sergeant.
Casting: Sticks to Snakes (safe; 10% risk of failure)
Confirm with . or Enter, or press ? or * to list all spells.
You create a snake!
You now have 14 arrows.
The gnoll sergeant barely misses you.
Your ball python bites the gnoll sergeant but does no damage.
Your ball python constricts the gnoll sergeant.
You swap places.
Your ball python loses its grip on the gnoll sergeant.
The gnoll completely misses you.
The gnoll sergeant hits you with a spear of flaming.
The gnoll sergeant burns you. The gnoll hits you with a halberd!
There is an open door here.
Unknown command.
You hit the gnoll sergeant but do no damage.
The gnoll sergeant is lightly wounded.
The gnoll hits you from afar with a spear.
The gnoll sergeant closely misses you. The gnoll misses you.
The gnoll hits you with a club.
You barely miss the gnoll sergeant.
The gnoll sergeant is lightly wounded.
The gnoll misses you. The gnoll sergeant barely misses you.
Are you sure you want to abandon this character and quit the game? (Confirm with "yes".)

################
...#...#.......
#.....#.......
∆#.....#.......
#.....#$......
#.....#gg.....
#....Ssgg..... ∆
#....S#g......
#..##.#.......
###..##.#########
#...............+
#...............#
#...............#
#...............
#...............


You could see a gnoll sergeant, 4 gnolls and 2 friendly ball pythons.

Vanquished Creatures
  Sigmund (D:3)
  A black bear (D:7)
  An ice beast (D:6)
  An ogre (D:4)
  A centaur (D:7)
  A scorpion (D:5)
  A crimson imp (D:7)
  2 quasits
  An orc priest (D:6)
  2 orc wizards
  An iguana (D:7)
  A worker ant (D:4)
  Robin (D:3)
  4 gnolls
  3 adders
  An ooze (D:2)
  2 adder skeletons
  A worm (D:2)
  2 leopard geckos
  7 orcs
  6 hobgoblins
  6 jackals
  2 kobolds (D:2)
  2 quokkas
  4 bats
  7 goblins
  A quokka skeleton (D:4)
  A quokka zombie (D:5)
  A rat (D:2)
65 creatures vanquished.

Vanquished Creatures (collateral kills)
  Crazy Yiuf (D:4)
  A gnoll (D:5)
2 creatures vanquished.

Grand Total: 67 creatures vanquished

Notes
Turn   | Place    | Note
-------+----------+-------------------------------------------
     0 | D:1      | tidbits the Gnoll Transmuter began the quest for the Orb.
     0 | D:1      | Reached XP level 1. HP: 17/17 MP: 6/6
    32 | D:2      | Found a shattered altar of Ashenzari.
    45 | D:2      | Reached XP level 2. HP: 23/23 MP: 5/7
    49 | D:2      | Learned a level 2 spell: Sticks to Snakes
   106 | D:2      | Found a glowing golden altar of the Shining One.
   375 | D:3      | Found an iron altar of Okawaru.
   383 | D:3      | Reached skill level 5 in Spellcasting
   383 | D:3      | Reached XP level 3. HP: 28/28 MP: 4/9
   388 | D:3      | Learned a level 3 spell: Spider Form
   396 | D:3      | Noticed Sigmund
   403 | D:3      | Killed Sigmund
   403 | D:3      | Reached skill level 3 in Fighting
   403 | D:3      | Reached skill level 1 in Short Blades
   403 | D:3      | Reached skill level 1 in Long Blades
   403 | D:3      | Reached skill level 1 in Axes
   403 | D:3      | Reached skill level 1 in Maces & Flails
   403 | D:3      | Reached skill level 1 in Polearms
   403 | D:3      | Reached skill level 1 in Staves
   403 | D:3      | Reached skill level 1 in Slings
   403 | D:3      | Reached skill level 1 in Bows
   403 | D:3      | Reached skill level 1 in Crossbows
   403 | D:3      | Reached skill level 1 in Throwing
   403 | D:3      | Reached skill level 1 in Armour
   403 | D:3      | Reached skill level 1 in Stealth
   403 | D:3      | Reached skill level 1 in Shields
   403 | D:3      | Reached skill level 1 in Conjurations
   403 | D:3      | Reached skill level 1 in Hexes
   403 | D:3      | Reached skill level 1 in Charms
   403 | D:3      | Reached skill level 1 in Summonings
   403 | D:3      | Reached skill level 1 in Necromancy
   403 | D:3      | Reached skill level 1 in Translocations
   403 | D:3      | Reached skill level 4 in Transmutations
   403 | D:3      | Reached skill level 1 in Fire Magic
   403 | D:3      | Reached skill level 1 in Ice Magic
   403 | D:3      | Reached skill level 1 in Air Magic
   403 | D:3      | Reached skill level 1 in Earth Magic
   403 | D:3      | Reached skill level 1 in Poison Magic
   403 | D:3      | Reached skill level 1 in Invocations
   403 | D:3      | Reached skill level 1 in Evocations
   403 | D:3      | Reached XP level 4. HP: 29/35 MP: 3/11
   403 | D:3      | Reached XP level 5. HP: 34/41 MP: 3/12
   417 | D:3      | Noticed Robin
   462 | D:3      | Killed Robin
   520 | D:3      | Learned a level 1 spell: Animate Skeleton
   522 | D:3      | Learned a level 1 spell: Apportation
   557 | D:4      | Reached XP level 6. HP: 47/47 MP: 6/13
   597 | D:4      | Reached skill level 5 in Dodging
   597 | D:4      | Reached skill level 2 in Invocations
   620 | D:4      | Found a runed door.
   627 | D:4      | Noticed Crazy Yiuf
   631 | D:4      | Killed Crazy Yiuf
   631 | D:4      | Reached skill level 2 in Short Blades
   631 | D:4      | Reached skill level 2 in Long Blades
   631 | D:4      | Reached skill level 2 in Axes
   631 | D:4      | Reached skill level 2 in Maces & Flails
   631 | D:4      | Reached skill level 2 in Polearms
   631 | D:4      | Reached skill level 2 in Staves
   631 | D:4      | Reached skill level 2 in Slings
   631 | D:4      | Reached skill level 2 in Bows
   631 | D:4      | Reached skill level 2 in Crossbows
   631 | D:4      | Reached skill level 2 in Throwing
   631 | D:4      | Reached skill level 2 in Armour
   631 | D:4      | Reached skill level 2 in Stealth
   631 | D:4      | Reached skill level 2 in Shields
   631 | D:4      | Reached skill level 2 in Evocations
   635 | D:4      | Got a steaming mace
   656 | D:4      | Identified the +2 mace of Eternal Harmony {crush, rC- MR+ Str+3} (You found it on level 4 of the Dungeon)
   707 | D:5      | Entered Level 5 of the Dungeon
   897 | D:6      | Reached XP level 7. HP: 44/52 MP: 10/15
   943 | D:7      | Reached skill level 7 in Unarmed Combat
  1000 | D:5      | Reached skill level 2 in Conjurations
  1000 | D:5      | Reached skill level 2 in Hexes
  1000 | D:5      | Reached skill level 2 in Charms
  1000 | D:5      | Reached skill level 2 in Summonings
  1000 | D:5      | Reached skill level 2 in Necromancy
  1000 | D:5      | Reached skill level 2 in Translocations
  1000 | D:5      | Reached skill level 2 in Fire Magic
  1000 | D:5      | Reached skill level 2 in Ice Magic
  1000 | D:5      | Reached skill level 2 in Air Magic
  1000 | D:5      | Reached skill level 2 in Earth Magic
  1000 | D:5      | Reached skill level 2 in Poison Magic
  1214 | D:6      | Reached skill level 3 in Invocations
  1294 | D:7      | Reached XP level 8. HP: 27/60 MP: 7/16
  1530 | D:7      | Quit the game

Vault maps used:
D:1:      mrwooster_arrival_statue_3, minmay_misc_feat_more_columns
D:2:      nicolae_tso_carved_into_rock, evilmike_ruin_ashenzari
D:3:      minmay_door_path, serial_glass, glass_columns_c, glass_columns_a,
          okawaru_trees_2, uniq_sigmund, uniq_robin, uniq_ijyb
D:4:      lemuel_zombie_altar_kikubaaqudgha, old_standard_altar, serial_shops,
          nicolae_shop_window_shopping, uniq_crazy_yiuf_cottage
D:5:      first_ration
D:6:      temple_doors_e

Skill      XL: |  1  2  3  4  5  6  7 |
---------------+----------------------+-----
Spellcasting   | 5 |  5.8
Fighting       | 3 |  3.9
Short Blades   | 1 2 |  2.9
Long Blades    | 1 2 |  2.9
Axes           | 1 2 |  2.9
Maces & Flails | 1 2 |  2.9
Polearms       | 1 2 |  2.9
Staves         | 1 2 |  2.9
Slings         | 1 2 |  2.9
Bows           | 1 2 |  2.9
Crossbows      | 1 2 |  2.9
Throwing       | 1 2 |  2.9
Armour         | 1 2 |  2.9
Stealth        | 1 2 |  2.9
Shields        | 1 2 |  2.9
Conjurations   | 1 2 |  2.3
Hexes          | 1 2 |  2.3
Charms         | 1 2 |  2.3
Summonings     | 1 2 |  2.3
Necromancy     | 1 2 |  2.3
Translocations | 1 2 |  2.3
Transmutations | 4 |  4.5
Fire Magic     | 1 2 |  2.3
Ice Magic      | 1 2 |  2.3
Air Magic      | 1 2 |  2.3
Earth Magic    | 1 2 |  2.3
Poison Magic   | 1 2 |  2.3
Invocations    | 1 2 3 |  3.2
Evocations     | 1 2 |  2.9
Dodging        | 5 |  5.4
Unarmed Combat | 7 |  7.2

Action                   |  1- 3 |  4- 6 |  7- 9 || total
-------------------------+-------+-------+-------++-------
Melee: Unarmed           |    28 |    69 |    84 ||   181
       Headbutt          |     3 |       |       ||     3
       Bite              |     1 |       |       ||     1
       Kick              |     1 |       |       ||     1
 Cast: Beastly Appendage |    10 |       |       ||    10
       Sticks to Snakes  |     2 |     4 |     9 ||    15
       Spider Form       |     1 |     9 |    12 ||    22
       Apportation       |       |     5 |    12 ||    17
  Use: Scroll            |       |       |     1 ||     1
 Stab: Sleeping          |     1 |     2 |     2 ||     5
       Distracted        |       |       |     1 ||     1
  Eat: Chunk             |       |       |     2 ||     2
       Ration            |       |       |     1 ||     1
Armor: Robe              |     8 |       |       ||     8
       Skin              |       |     6 |    10 ||    16
Dodge: Dodged            |    18 |    87 |   103 ||   208

Table legend:
 A = Spawn XP
 B = Non-spawn XP
 C = Spawn XP percentage of total XP
 D = Spawn monster count
 E = Non-spawn monster count
 F = Spawn count percentage of total count
 G = Total turns spent on level
                    A         B        C        D         E        F      G
               +---------+---------+-------+---------+---------+-------+---------
         Total |       0 |    1323 |   0.0 |       0 |      67 |   0.0 |  1530
               +---------+---------+-------+---------+---------+-------+---------
           D:2 |       0 |      28 |   0.0 |       0 |      12 |   0.0 |   315
           D:3 |       0 |     263 |   0.0 |       0 |      14 |   0.0 |   223
           D:4 |       0 |     253 |   0.0 |       0 |       9 |   0.0 |   199
           D:5 |       0 |     176 |   0.0 |       0 |      11 |   0.0 |   274
           D:6 |       0 |     214 |   0.0 |       0 |       7 |   0.0 |   274
           D:7 |       0 |     389 |   0.0 |       0 |      14 |   0.0 |   233
               +---------+---------+-------+---------+---------+-------+---------

Table legend:
 A = Turns spent in this place as a percentage of turns spent in the entire game.
 B = Non-inter-level travel turns spent in this place as a percentage of non-inter-level travel turns spent in the entire game.
 C = Inter-level travel turns spent in this place as a percentage of turns spent in this place.
 D = Turns resting spent in this place as a percentage of non-inter-level travel turns spent in this place.
 E = Turns spent auto-exploring this place as a percentage of non-inter-level travel turns spent in this place.
 F = Non-inter-level travel turns spent in this place divided by the number of levels of this place that you've seen.
                   A       B       C       D       E      F
               +-------+-------+-------+-------+-------+----------------------
         Total | 100.0 | 100.0 |   3.7 |   0.0 |   0.0 | 210.6
       Dungeon | 100.0 | 100.0 |   3.7 |   0.0 |   0.0 | 210.6
               +-------+-------+-------+-------+-------+----------------------

Table legend:
 A = Kills in this place as a percentage of kills in entire the game.
 B = Kills by you in this place as a percentage of kills by you in the entire game.
 C = Kills by friends in this place as a percentage of kills by friends in the entire game.
 D = Other kills in this place as a percentage of other kills in the entire game.
 E = Experience gained in this place as a percentage of experience gained in the entire game.
 F = Experience gained in this place divided by the number of levels of this place that you have seen.
                   A       B       C       D       E      F
               +-------+-------+-------+-------+-------+----------------------
         Total | 100.0 | 100.0 | 100.0 |   N/A | 100.0 | 189.0
       Dungeon | 100.0 | 100.0 | 100.0 |   N/A | 100.0 | 189.0
               +-------+-------+-------+-------+-------+----------------------

Vault maps used:
D:1:      mrwooster_arrival_statue_3, minmay_misc_feat_more_columns
D:2:      nicolae_tso_carved_into_rock, evilmike_ruin_ashenzari
D:3:      minmay_door_path, serial_glass, glass_columns_c, glass_columns_a,
          okawaru_trees_2, uniq_sigmund, uniq_robin, uniq_ijyb
D:4:      lemuel_zombie_altar_kikubaaqudgha, old_standard_altar, serial_shops,
          nicolae_shop_window_shopping, uniq_crazy_yiuf_cottage
D:5:      first_ration
D:6:      temple_doors_e
